 Dungeon Crawl Stone Soup version 0.27.0-1-g7a089689b8 (webtiles) character file.

Game seed: 12649542554665319114

29 sanka the Skirmisher (level 3, -5/29 HPs)
             Began as a Mummy Abyssal Knight on Aug 1, 2021.
             Was a Follower of Lugonu.
             Slain by a hobgoblin (7 damage)
             ... on level 1 of the Dungeon.
             The game lasted 00:01:13 (1008 turns).

sanka the Skirmisher (Mummy Abyssal Knight)         Turns: 1008, Time: 00:01:13

Health: -5/29      AC:  3    Str: 16    XL:     3   Next: 1%
Magic:  4/4        EV: 11    Int: 11    God:    Lugonu [*.....]
Gold:   73         SH:  0    Dex: 11    Spells: 2/2 levels left

rFire    x . .     SeeInvis .   a - +1 spear
rCold    + . .     Faith    .   (no shield)
rNeg     + + +     Spirit   .   b - +0 leather armour
rPois    ∞         Reflect  .   (no helmet)
rElec    .         Harm     .   (no cloak)
rCorr    .         Rampage  .   (no gloves)
Will     .....                  (no boots)
Stlth    +.........             (no amulet)
HPRegen  0.09/turn              (no ring)
MPRegen  0.09/turn              (no ring)

@: no status effects
A: cold resistance 1, negative energy resistance 3, torment resistance 2, heat
vulnerability 1, no potions
a: Renounce Religion, Depart the Abyss


You were on level 1 of the Dungeon.
You worshipped Lugonu.
Lugonu was aware of your devotion.
You visited 1 branch of the dungeon, and saw 1 of its levels.
You visited the Abyss 1 time.

You collected 73 gold pieces.


Innate Abilities, Weirdness & Mutations

You are immune to poison.
Your flesh is cold resistant. (rC+)
You are immune to negative energy. (rN+++)
You are immune to unholy pain and torment.
You are vulnerable to heat. (rF-)
You do not drink.


   Skills:
 - Level 3.0 Fighting
 + Level 2.9 Polearms
 - Level 1.5 Armour
 - Level 0.7 Dodging
 - Level 1.5 Invocations


You had 2 spell levels left.
You didn't know any spells.
Your spell library was empty.

Inventory:

Hand Weapons
 a - a +1 spear (weapon)
Armour
 b - a +0 leather armour (worn)
Scrolls
 c - 2 scrolls of identify {unknown}
 d - a scroll of blinking {unknown}
 e - a scroll of acquirement {unknown}
 f - a scroll of fear {unknown}

Dungeon Overview and Level Annotations

Branches:
Dungeon (1/15)

Altars:

.......▒▒ ........▒
.....^..▒ ........▒ ▒▒▒▒
........▒ ▒▒▒▒▒▒▒▒▒▒▒▒...
........▒ ▒.........▒▒...
........▒ ▒.........▒▒...
........▒▒▒▒▒▒.........▒▒...
..........gM...........>....
........▒▒▒▒▒▒.........▒▒...
........▒ ▒▒▒............
........▒ ▒..............
.......▒▒ ▒▒.▒▒▒▒▒▒▒.▒....
......▒▒▒▒▒▒▒..▒ ▒▒▒▒▒......
▒.▒▒▒▒ ▒......▒▒ ▒.......▒▒▒
▒.......▒▒▒.▒▒...▒▒ ▒
▒...........▒▒.▒.▒ ▒


You could see a hobgoblin.


Message History

You hit the hobgoblin but do no damage.
The hobgoblin is heavily wounded.
The hobgoblin misses you.
You barely miss the hobgoblin.
The hobgoblin is heavily wounded.
The hobgoblin closely misses you.
You hit the hobgoblin but do no damage.
The hobgoblin is heavily wounded.
The hobgoblin barely misses you.
You barely miss the hobgoblin.
The hobgoblin is heavily wounded.
The hobgoblin closely misses you.
You barely miss the hobgoblin.
The hobgoblin is heavily wounded.
The hobgoblin misses you.
You hit the hobgoblin but do no damage.
The hobgoblin is heavily wounded.
The hobgoblin hits you with a +0 hand axe!
* * * LOW HITPOINT WARNING * * *
You barely miss the hobgoblin.
The hobgoblin is heavily wounded.
The hobgoblin hits you with a +0 hand axe.
* * * LOW HITPOINT WARNING * * *
You barely miss the hobgoblin.
The hobgoblin is moderately wounded.
The hobgoblin misses you.
You closely miss the hobgoblin.
The hobgoblin is moderately wounded.
The hobgoblin hits you with a +0 hand axe!
You die...

Action                   || total
-------------------------++-------
Melee: Spear             ||   108
Invok: Depart the Abyss  ||     1
Armor: Leather armour    ||    18
Dodge: Dodged            ||    43

Levels and vault maps discovered:
D:1:      scummos_arrival_star, layout_rooms, minmay_vboxes

Notes
Turn   | Place    | Note
-------+----------+-------------------------------------------
     0 | Abyss:1  | sanka the Mummy Abyssal Knight began the quest for the Orb.
     0 | Abyss:1  | Reached XP level 1. HP: 18/18 MP: 2/2
    24 | Abyss:1  | Noticed a blizzard demon
    26 | D:1      | Escaped the Abyss
   114 | D:1      | Reached * piety under Lugonu
   277 | D:1      | Reached skill level 2 in Polearms
   397 | D:1      | Reached XP level 2. HP: 14/24 MP: 3/3
   993 | D:1      | Reached XP level 3. HP: 27/29 MP: 4/4
  1005 | D:1      | HP: 2/29 [hobgoblin (7)]
  1008 | D:1      | Slain by a hobgoblin

Vanquished Creatures
  5 ball pythons (D:1)
  2 endoplasms (D:1)
  A giant cockroach (D:1)
  4 goblins (D:1)
  2 jackals (D:1)
  4 kobolds (D:1)
  2 quokkas (D:1)
  3 bats (D:1)
  3 rats (D:1)
26 creatures vanquished.
